TOP OF THE 1ST |
Las Vegas Stars batting - Pitching for Spokane Trappers : LHP Adrián León
|
Pitching: LHP Adrián León
|
|
Batting: LHB Evan Slootweg
|
0-0: Called Strike 0-1: Called Strike 0-2: Strikes out swinging
|
Batting: RHB Ron Shelton
|
0-0: Ball 1-0: Ball 2-0: Ball 3-0: Called Strike 3-1: Called Strike 3-2: Foul Ball, location: 2F 3-2: Ground out 6-3 (Groundball, 6M)
|
Batting: LHB Paco Rivera
|
0-0: Ball 1-0: Swinging Strike 1-1: DOUBLE (Line Drive, 3L)
|
Batting: LHB Ricardo Vargas
|
0-0: Called Strike 0-1: SINGLE (Flyball, 4D) Paco Rivera to third Runner from 3rd tries for Home, SAFE, no throw or cutoff
|
Batting: LHB Eliot Helen
|
0-0: Foul Ball, location: 2F 0-1: Foul Ball, location: 2F 0-2: Fly out, F8 (Flyball, 8LM)
|
Top of the 1st over - 1 run(s), 2 hit(s), 0 error(s), 1 left on base; Las Vegas 1 - Spokane 0 |
BOTTOM OF THE 1ST |
Spokane Trappers batting - Pitching for Las Vegas Stars : RHP Tim Harmon
|
Pitching: RHP Tim Harmon
|
|
Batting: RHB Pedro Guzmán
|
0-0: Hit by Pitch
|
Batting: RHB Mario Hernández
|
0-0: Ball 1-0: Called Strike 1-1: Ball 2-1: Called Strike 2-2: Ball 3-2: Grounds into double play, 6-4-3 (Groundball, 6)
|
Batting: SHB Esteban Silva
|
0-0: Ball 1-0: Called Strike 1-1: Called Strike 1-2: Fly out, F7 (Flyball, 7D)
|
Bottom of the 1st over - 0 run(s), 0 hit(s), 0 error(s), 0 left on base; Las Vegas 1 - Spokane 0 |
TOP OF THE 2ND |
Las Vegas Stars batting - Pitching for Spokane Trappers : LHP Adrián León
|
Batting: RHB Tom Jacobson
|
0-0: Ball 1-0: Foul Ball, location: 2F 1-1: Ball 2-1: Ball 3-1: Called Strike 3-2: Base on Balls
|
Batting: LHB José Padilla
|
0-0: SINGLE (Groundball, 34D) Tom Jacobson to second Runner from 2nd tries for 3rd, SAFE, throw made to third
|
Batting: LHB Parker Marshall
|
0-0: SINGLE (Groundball, 4MD) Tom Jacobson scores José Padilla to second
|
Batting: RHB Vicente Salgado
|
0-0: Called Strike 0-1: Swinging Strike 0-2: Ball 1-2: Ball 2-2: Foul Ball, location: 2F 2-2: Strikes out swinging
|
Batting: LHB Evan Slootweg
|
0-0: Swinging Strike 0-1: Foul Ball, location: 2F 0-2: Ball 1-2: Ball 2-2: Foul Ball, location: 2F 2-2: Ball 3-2: Strikes out swinging
|
Batting: RHB Ron Shelton
|
0-0: Ball 1-0: Fly out, F7 (Flyball, 7M)
|
Top of the 2nd over - 1 run(s), 2 hit(s), 0 error(s), 2 left on base; Las Vegas 2 - Spokane 0 |
BOTTOM OF THE 2ND |
Spokane Trappers batting - Pitching for Las Vegas Stars : RHP Tim Harmon
|
Batting: LHB Juan Cortés
|
0-0: Called Strike 0-1: Ball 1-1: Swinging Strike 1-2: Ball 2-2: Foul Ball, location: 2F 2-2: Strikes out swinging
|
Batting: RHB John Craig
|
0-0: Foul Ball, location: 2F 0-1: Ball 1-1: Ball 2-1: Ball 3-1: Foul Ball, location: 2F 3-2: Foul Ball, location: 2F 3-2: Foul Ball, location: 2F 3-2: Foul Ball, location: 2F 3-2: Foul Ball, location: 2F 3-2: SINGLE (Flyball, 8RS)
|
Batting: LHB José Feliciano
|
0-0: Called Strike 0-1: Foul Ball, location: 2F 0-2: Ground out 4-3 (Groundball, 4) John Craig to second
|
Batting: LHB Pete Carter
|
0-0: Foul Ball, location: 2F 0-1: Swinging Strike 0-2: Strikes out swinging
|
Bottom of the 2nd over - 0 run(s), 1 hit(s), 0 error(s), 1 left on base; Las Vegas 2 - Spokane 0 |
TOP OF THE 3RD |
Las Vegas Stars batting - Pitching for Spokane Trappers : LHP Adrián León
|
Batting: LHB Paco Rivera
|
0-0: Ground out 1-3 (Groundball, 15S)
|
Batting: LHB Ricardo Vargas
|
0-0: Ball 1-0: Called Strike 1-1: SINGLE (Groundball, 3D)
|
Batting: LHB Eliot Helen
|
0-0: Called Strike 0-1: Ball 1-1: Fly out, F4 (Popup, 4D)
|
Batting: RHB Tom Jacobson
|
0-0: Ball 1-0: Fielders Choice at 2nd, U4 (Groundball, 4M)
|
Top of the 3rd over - 0 run(s), 1 hit(s), 0 error(s), 1 left on base; Las Vegas 2 - Spokane 0 |
BOTTOM OF THE 3RD |
Spokane Trappers batting - Pitching for Las Vegas Stars : RHP Tim Harmon
|
Batting: RHB Hyo-sang Yu
|
0-0: Fly out, F8 (Flyball, 78D)
|
Batting: RHB Dani Rodríguez
|
0-0: Called Strike 0-1: Ball 1-1: Called Strike 1-2: Ball 2-2: Strikes out swinging
|
Batting: RHB Pedro Guzmán
|
0-0: Called Strike 0-1: Foul Ball, location: 2F 0-2: Ball 1-2: SINGLE (Groundball, 56D)
|
Batting: RHB Mario Hernández
|
0-0: Ground out 4-3 (Groundball, 4)
|
Bottom of the 3rd over - 0 run(s), 1 hit(s), 0 error(s), 1 left on base; Las Vegas 2 - Spokane 0 |
TOP OF THE 4TH |
Las Vegas Stars batting - Pitching for Spokane Trappers : LHP Adrián León
|
Batting: LHB José Padilla
|
0-0: Called Strike 0-1: Ball 1-1: Ball 2-1: Called Strike 2-2: Foul Ball, location: 2F 2-2: Strikes out swinging
|
Batting: LHB Parker Marshall
|
0-0: Ground out 4-3 (Groundball, 34)
|
Batting: RHB Vicente Salgado
|
0-0: Ball 1-0: Swinging Strike 1-1: Foul Ball, location: 2F 1-2: Fly out, F3 (Popup, 34)
|
Top of the 4th over - 0 run(s), 0 hit(s), 0 error(s), 0 left on base; Las Vegas 2 - Spokane 0 |
BOTTOM OF THE 4TH |
Spokane Trappers batting - Pitching for Las Vegas Stars : RHP Tim Harmon
|
Batting: SHB Esteban Silva
|
0-0: Ball 1-0: Ball 2-0: Called Strike 2-1: Fly out, F7 (Flyball, 7M)
|
Batting: LHB Juan Cortés
|
0-0: Ball 1-0: Swinging Strike 1-1: Fly out, F7 (Flyball, 7LSF)
|
Batting: RHB John Craig
|
0-0: Foul Ball, location: 2F 0-1: Ball 1-1: Ball 2-1: Swinging Strike 2-2: Ball 3-2: Foul Ball, location: 2F 3-2: SINGLE (Groundball, 56D)
|
Batting: LHB José Feliciano
|
0-0: Ball 1-0: Ground out 1-3 (Groundball, 13S)
|
Bottom of the 4th over - 0 run(s), 1 hit(s), 0 error(s), 1 left on base; Las Vegas 2 - Spokane 0 |
TOP OF THE 5TH |
Las Vegas Stars batting - Pitching for Spokane Trappers : LHP Adrián León
|
Batting: LHB Evan Slootweg
|
0-0: Called Strike 0-1: Ball 1-1: Called Strike 1-2: DOUBLE (Line Drive, 5D)
|
Batting: RHB Ron Shelton
|
0-0: Intentional Walk
|
Batting: LHB Paco Rivera
|
0-0: Ball 1-0: Grounds into double play, 6-4-3 (Groundball, 6) Evan Slootweg to third
|
Batting: LHB Ricardo Vargas
|
0-0: Foul Ball, location: 2F 0-1: Foul Ball, location: 2F 0-2: Ball 1-2: Ball 2-2: Fly out, F9 (Flyball, 9LM)
|
Top of the 5th over - 0 run(s), 1 hit(s), 0 error(s), 1 left on base; Las Vegas 2 - Spokane 0 |
BOTTOM OF THE 5TH |
Spokane Trappers batting - Pitching for Las Vegas Stars : RHP Tim Harmon
|
Batting: LHB Pete Carter
|
0-0: Called Strike 0-1: Ball 1-1: Ground out 4-3 (Groundball, 4)
|
Batting: RHB Hyo-sang Yu
|
0-0: Foul Ball, location: 2F 0-1: Ball 1-1: Ball 2-1: Called Strike 2-2: Foul Ball, location: 2F 2-2: Strikes out looking
|
Batting: RHB Dani Rodríguez
|
0-0: Ball 1-0: Fly out, F8 (Flyball, 8LD)
|
Bottom of the 5th over - 0 run(s), 0 hit(s), 0 error(s), 0 left on base; Las Vegas 2 - Spokane 0 |
TOP OF THE 6TH |
Las Vegas Stars batting - Pitching for Spokane Trappers : LHP Adrián León
|
Batting: LHB Eliot Helen
|
0-0: Ball 1-0: Ball 2-0: Called Strike 2-1: Foul Ball, location: 2F 2-2: Ball 3-2: Foul Ball, location: 2F 3-2: Ground out 1-3 (Groundball, 23)
|
Batting: RHB Tom Jacobson
|
0-0: Foul Ball, location: 2F 0-1: Ground out 5-3 (Groundball, 5L)
|
Batting: LHB José Padilla
|
0-0: Called Strike 0-1: Fly out, F4 (Popup, 4)
|
Top of the 6th over - 0 run(s), 0 hit(s), 0 error(s), 0 left on base; Las Vegas 2 - Spokane 0 |
BOTTOM OF THE 6TH |
Spokane Trappers batting - Pitching for Las Vegas Stars : RHP Tim Harmon
|
Batting: RHB Pedro Guzmán
|
0-0: Reached on error, E6 (Groundball, 6)
|
Batting: RHB Mario Hernández
|
0-0: Called Strike 0-1: Ball 1-1: Ball 2-1: Foul Ball, location: 2F 2-2: Ball 3-2: Strikes out swinging Pedro Guzmán steals 2nd base Batter strikes out.
|
Batting: SHB Esteban Silva
|
0-0: Ball 1-0: Called Strike Pedro Guzmán steals 3rd base 1-1: Fly out, F8 (Flyball, 8LS)
|
Batting: LHB Juan Cortés
|
0-0: Ball 1-0: Called Strike 1-1: Ball 2-1: Foul Ball, location: 2F 2-2: Ball 3-2: Base on Balls
|
Batting: RHB John Craig
|
0-0: Ground out 1-3 (Groundball, 3S)
|
Bottom of the 6th over - 0 run(s), 0 hit(s), 1 error(s), 2 left on base; Las Vegas 2 - Spokane 0 |
TOP OF THE 7TH |
Las Vegas Stars batting - Pitching for Spokane Trappers : LHP Adrián León
|
Pitching: RHP Ching-wei Zi
|
|
Batting: LHB Parker Marshall
|
0-0: Called Strike 0-1: Fly out, F9 (Line Drive, 89M)
|
Batting: RHB Vicente Salgado
|
0-0: Foul Ball, location: 2F 0-1: Ball 1-1: Ball 2-1: Foul Ball, location: 2F 2-2: Strikes out swinging
|
Batting: LHB Evan Slootweg
|
0-0: Ball 1-0: Called Strike 1-1: Swinging Strike 1-2: Strikes out swinging
|
Top of the 7th over - 0 run(s), 0 hit(s), 0 error(s), 0 left on base; Las Vegas 2 - Spokane 0 |
BOTTOM OF THE 7TH |
Spokane Trappers batting - Pitching for Las Vegas Stars : RHP Tim Harmon
|
Batting: LHB José Feliciano
|
0-0: Ball 1-0: Swinging Strike 1-1: Ball 2-1: Foul Ball, location: 2F 2-2: Strikes out looking
|
Batting: LHB Pete Carter
|
0-0: Foul Ball, location: 2F 0-1: Swinging Strike 0-2: Fly out, F5 (Popup, 5SF)
|
Batting: RHB Hyo-sang Yu
|
0-0: Ball 1-0: Called Strike 1-1: Ground out 5-3 (Groundball, 56)
|
Bottom of the 7th over - 0 run(s), 0 hit(s), 0 error(s), 0 left on base; Las Vegas 2 - Spokane 0 |
TOP OF THE 8TH |
Las Vegas Stars batting - Pitching for Spokane Trappers : RHP Ching-wei Zi
|
Batting: RHB Ron Shelton
|
0-0: Ball 1-0: Ground out 5-3 (Groundball, 5S)
|
Batting: LHB Paco Rivera
|
0-0: SINGLE (Groundball, 34D)
|
Batting: LHB Ricardo Vargas
|
0-0: Called Strike 0-1: DOUBLE (Line Drive, 9LS) Paco Rivera to third
|
Batting: LHB Eliot Helen
|
0-0: Intentional Walk
|
Pinch Hitting: SHB Santiago Farías
|
0-0: Foul Ball, location: 2F 0-1: Ball 1-1: Ball 2-1: Ball 3-1: Base on Balls Paco Rivera scores Ricardo Vargas to third Eliot Helen to second
|
Batting: LHB José Padilla
|
0-0: Ball Wild Pitch! Ricardo Vargas scores Eliot Helen to third Santiago Farías to second 1-0: Ground out U3 (Groundball, 3)
|
Batting: LHB Parker Marshall
|
0-0: Swinging Strike 0-1: SINGLE (Groundball, 34D) Eliot Helen scores Santiago Farías to third Runner from 3rd tries for Home, SAFE, no throw or cutoff
|
Pitching: RHP Jacob Miller
|
|
Batting: RHB Vicente Salgado
|
0-0: Fly out, F8 (Flyball, 8LM)
|
Top of the 8th over - 4 run(s), 3 hit(s), 0 error(s), 1 left on base; Las Vegas 6 - Spokane 0 |
BOTTOM OF THE 8TH |
Spokane Trappers batting - Pitching for Las Vegas Stars : RHP Tim Harmon
|
Now at 2B: Jeremy Atkins
|
|
Now at SS: Cole Bradley
|
|
Batting: RHB Dani Rodríguez
|
0-0: Ball 1-0: Fly out, F8 (Popup, 8RS)
|
Pitching: RHP Oliver Donahue
|
|
Batting: RHB Pedro Guzmán
|
0-0: SINGLE (Groundball, 3S)
|
Batting: RHB Mario Hernández
|
0-0: Ball 1-0: Grounds into double play, 5-4-3 (Groundball, 5)
|
Bottom of the 8th over - 0 run(s), 1 hit(s), 0 error(s), 0 left on base; Las Vegas 6 - Spokane 0 |
TOP OF THE 9TH |
Las Vegas Stars batting - Pitching for Spokane Trappers : RHP Jacob Miller
|
Batting: LHB Evan Slootweg
|
0-0: DOUBLE (Groundball, 5L)
|
Batting: RHB Ron Shelton
|
0-0: Ball 1-0: Fly out, F9 (Flyball, 89M)
|
Batting: LHB Paco Rivera
|
0-0: Ball 1-0: Foul Ball, location: 2F 1-1: Foul Ball, location: 2F 1-2: Ball 2-2: Fly out, F9 (Flyball, 89D) Runner from 2nd tags up, SAFE at 3rd, no throw
|
Batting: LHB Ricardo Vargas
|
0-0: Ball 1-0: Ball 2-0: Foul Ball, location: 2F 2-1: Foul Ball, location: 2F 2-2: Strikes out swinging
|
Top of the 9th over - 0 run(s), 1 hit(s), 0 error(s), 1 left on base; Las Vegas 6 - Spokane 0 |
BOTTOM OF THE 9TH |
Spokane Trappers batting - Pitching for Las Vegas Stars : RHP Oliver Donahue
|
Batting: SHB Esteban Silva
|
0-0: Ground out 4-3 (Groundball, 4)
|
Batting: LHB Juan Cortés
|
0-0: Ball 1-0: Ball 2-0: Ball 3-0: Called Strike 3-1: Called Strike 3-2: Base on Balls
|
Batting: RHB John Craig
|
0-0: Called Strike 0-1: Called Strike 0-2: Ground out 5-3 (Groundball, 5S) Juan Cortés to second
|
Batting: LHB José Feliciano
|
0-0: Swinging Strike 0-1: Ball 1-1: 2-RUN HOME RUN (Flyball, 9D), Distance : 385 ft
|
Batting: LHB Pete Carter
|
0-0: Ball 1-0: Ball 2-0: Fly out, F2 (Popup, 2RF)
|
Bottom of the 9th over - 2 run(s), 1 hit(s), 0 error(s), 0 left on base; Las Vegas 6 - Spokane 2 |
|